General information
- name: BNet
- type: Ladder team game (AT/RT)
- host: Battle.net
- saver: CarryMe!
map: GolemsInTheMist
- players: 8
- length: 15:15
- speed: Fast
- version: 1.28 W3XP
- replay type: Public
» download(131 KB)
Players
team 1 (winner)

»
Australia (
pink | 66 APM | 1009 actions | 15:15)
5 Death Knight
3 Death Coil
2 Unholy Aura
3 Lich
2 Frost Nova
1 Frost Armor
» actions
| Assign group hotkey | 87 | |
| Basic commands | 21 | |
| Build / train | 40 | |
| ESC pressed | 2 | |
| Enter build submenu | 17 | |
| Enter hero's abilities submenu | 8 | |
| Right click | 464 | |
| Select / deselect | 116 | |
| Select group hotkey | 205 | |
| Use ability | 49 | |
1009 total
» units
| Acolyte | 3 | |
| Ghoul | 3 | |
| Crypt Fiend | 12 | |
18 total
» upgrades
| Creature Carapace | 2 | |
| Creature Attack | 2 | |
| Web | 1 | |
| Freezing Breath | 1 | |
6 total
» buildings
| Crypt | 1 | |
| Graveyard | 1 | |
| Ziggurat | 4 | |
| Altar of Darkness | 1 | |
| Tomb of Relics | 1 | |
| Halls of the Dead | 4 | |
| Black Citadel | 1 | |
| Sacrificial Pit | 1 | |
| Boneyard | 1 | |
| Necropolis | 1 | |
16 total
» build order
00:10 Crypt
00:17 Graveyard
00:27 Ziggurat
00:53 Altar of Darkness
01:10 Ziggurat
01:43 Tomb of Relics
03:02 Ziggurat
05:45 Halls of the Dead
05:45 Halls of the Dead
06:43 Ziggurat
08:19 Black Citadel
08:26 Sacrificial Pit
10:42 Boneyard
11:27 Necropolis
» items
GoOd.iNsTiNcT- (
teal | 86 APM | 1320 actions | 15:15)
6 Demon Hunter
2 Mana Burn
3 Evasion
1 Metamorphosis
» actions
| Assign group hotkey | 57 | |
| Basic commands | 3 | |
| Build / train | 64 | |
| Enter build submenu | 14 | |
| Enter hero's abilities submenu | 6 | |
| Remove unit from queue | 3 | |
| Right click | 557 | |
| Select / deselect | 204 | |
| Select group hotkey | 379 | |
| Use ability | 33 | |
1320 total
» units
| Wisp | 20 | |
| Archer | 16 | |
| Hippogryph | 9 | |
45 total
» upgrades
| Improved Bows | 1 | |
| Hippogryph Taming | 1 | |
| Strength of the Moon | 3 | |
| Ultravision | 1 | |
| Marksmanship | 1 | |
7 total
» buildings
| Altar of Elders | 1 | |
| Moon Well | 7 | |
| Ancient of War | 2 | |
| Ancient of Wonders | 1 | |
| Tree of Ages | 1 | |
| Tree of Life | 1 | |
| Ancient of Wind | 2 | |
| Hunter's Hall | 1 | |
| Tree of Eternity | 1 | |
17 total
» build order
00:13 Altar of Elders
00:23 Moon Well
00:43 Ancient of War
01:37 Moon Well
01:54 Ancient of Wonders
04:03 Tree of Ages
04:44 Moon Well
04:53 Moon Well
05:44 Tree of Life
06:56 Ancient of Wind
06:57 Ancient of Wind
07:08 Hunter's Hall
10:59 Ancient of War
11:00 Tree of Eternity
12:28 Moon Well
12:29 Moon Well
12:29 Moon Well

»
I_dont_care (
purple | 57 APM | 872 actions | 15:15)
3 Blood Mage
2 Flame Strike
1 Siphon Mana
2 Archmage
1 Summon Water Elemental
1 Brilliance Aura
» actions
| Assign group hotkey | 17 | |
| Basic commands | 86 | |
| Build / train | 49 | |
| Enter build submenu | 22 | |
| Enter hero's abilities submenu | 6 | |
| Give item / drop item | 1 | |
| Right click | 101 | |
| Select / deselect | 200 | |
| Select group hotkey | 351 | |
| Use ability | 39 | |
872 total
» units
| Peasant | 7 | |
| Footman | 5 | |
| Goblin Shredder | 1 | |
| Priest | 4 | |
| Gryphon Rider | 11 | |
| Dragonhawk Rider | 2 | |
30 total
» upgrades
| Priest Training | 2 | |
| Animal War Training | 1 | |
| Swords | 3 | |
| Armor | 2 | |
| Storm Hammers | 1 | |
| Cloud | 1 | |
10 total
» buildings
| Farm | 13 | |
| Barracks | 1 | |
| Altar of Kings | 1 | |
| Keep | 1 | |
| Town Hall | 1 | |
| Arcane Vault | 1 | |
| Lumber Mill | 1 | |
| Castle | 1 | |
| Arcane Sanctum | 1 | |
| Blacksmith | 1 | |
| Gryphon Aviary | 2 | |
24 total
» build order
00:10 Farm
00:20 Barracks
00:33 Altar of Kings
00:48 Farm
01:37 Farm
02:58 Keep
03:57 Town Hall
04:07 Arcane Vault
04:13 Lumber Mill
05:46 Castle
06:00 Arcane Sanctum
06:38 Blacksmith
06:48 Gryphon Aviary
07:18 Gryphon Aviary
07:58 Farm
08:45 Farm
09:11 Farm
09:43 Farm
10:18 Farm
10:46 Farm
11:19 Farm
11:53 Farm
12:39 Farm
13:30 Farm
pepito-de-bordo (
red | 81 APM | 1232 actions | 15:15)
3 Blademaster
1 Wind Walk
2 Critical Strike
2 Shadow Hunter
1 Healing Wave
1 Serpent Ward
» actions
| Assign group hotkey | 93 | |
| Build / train | 54 | |
| Enter build submenu | 21 | |
| Enter hero's abilities submenu | 5 | |
| Give item / drop item | 1 | |
| Remove unit from queue | 1 | |
| Right click | 555 | |
| Select / deselect | 235 | |
| Select group hotkey | 217 | |
| Use ability | 50 | |
1232 total
» units
| Peon | 11 | |
| Grunt | 10 | |
| Raider | 3 | |
| Troll Witch Doctor | 4 | |
| Shaman | 2 | |
30 total
» upgrades
| Pillage | 1 | |
| Berserker Strength | 1 | |
| Witch Doctor Training | 2 | |
| Shaman Training | 2 | |
| Ensnare | 1 | |
7 total
» buildings
| Altar of Storms | 1 | |
| Orc Burrow | 6 | |
| Voodoo Lounge | 1 | |
| Barracks | 1 | |
| Stronghold | 2 | |
| Spirit Lodge | 3 | |
| Fortress | 1 | |
| Beastiary | 1 | |
| War Mill | 1 | |
| Great Hall | 1 | |
18 total
» build order
00:10 Altar of Storms
00:24 Orc Burrow
00:41 Voodoo Lounge
01:43 Barracks
01:59 Orc Burrow
03:21 Stronghold
03:22 Stronghold
04:11 Orc Burrow
05:56 Spirit Lodge
06:01 Spirit Lodge
06:11 Spirit Lodge
06:35 Orc Burrow
07:16 Fortress
08:37 Beastiary
11:25 Orc Burrow
11:28 Orc Burrow
11:53 War Mill
12:28 Great Hall
» items
| Healing Salve | 3 | |
| Scroll of Speed | 1 | |
4 total
team 2 (loser)

»
Braunvieh (
blue | 37 APM | 40 actions | 01:04)
» actions
| Build / train | 6 | |
| Enter build submenu | 4 | |
| Remove unit from queue | 1 | |
| Right click | 7 | |
| Select / deselect | 16 | |
| Use ability | 6 | |
40 total
» units
» buildings
| Moon Well | 1 | |
| Altar of Elders | 1 | |
| Ancient of War | 1 | |
3 total
» build order
00:13 Moon Well
00:15 Altar of Elders
00:27 Ancient of War
CarryMe! (
green | 26 APM | 398 actions | 15:15)
» actions
| Assign group hotkey | 1 | |
| Basic commands | 7 | |
| Build / train | 39 | |
| Enter build submenu | 35 | |
| Remove unit from queue | 4 | |
| Right click | 124 | |
| Select / deselect | 126 | |
| Use ability | 62 | |
398 total
» units
» upgrades
| Masonry | 3 | |
| Lumber Harvesting | 2 | |
5 total
» buildings
| Lumber Mill | 2 | |
| Scout Tower | 27 | |
| Arcane Tower | 1 | |
| Guard Tower | 14 | |
| Farm | 19 | |
| Keep | 1 | |
| Altar of Kings | 1 | |
| Castle | 1 | |
| Blacksmith | 2 | |
68 total
» build order
00:48 Lumber Mill
00:53 Scout Tower
00:56 Scout Tower
00:57 Scout Tower
00:59 Scout Tower
01:01 Scout Tower
02:04 Arcane Tower
02:06 Guard Tower
02:18 Scout Tower
02:18 Scout Tower
02:19 Scout Tower
02:20 Scout Tower
02:57 Guard Tower
02:58 Guard Tower
03:00 Guard Tower
03:09 Guard Tower
03:20 Farm
03:22 Farm
03:25 Farm
03:28 Farm
03:34 Farm
03:34 Farm
03:40 Farm
03:40 Farm
03:41 Farm
03:42 Farm
03:43 Farm
03:44 Farm
03:44 Farm
03:45 Farm
03:46 Farm
03:47 Farm
03:48 Farm
03:49 Farm
04:21 Guard Tower
04:24 Guard Tower
06:03 Keep
06:13 Scout Tower
06:16 Scout Tower
06:19 Scout Tower
06:21 Scout Tower
06:22 Scout Tower
06:26 Scout Tower
06:42 Altar of Kings
07:10 Guard Tower
07:23 Guard Tower
07:24 Guard Tower
07:28 Guard Tower
07:33 Guard Tower
08:28 Castle
08:36 Farm
11:49 Scout Tower
11:50 Scout Tower
11:51 Scout Tower
11:52 Scout Tower
11:55 Scout Tower
11:57 Scout Tower
11:58 Scout Tower
11:59 Scout Tower
12:00 Scout Tower
12:04 Scout Tower
12:05 Scout Tower
12:05 Scout Tower
12:10 Lumber Mill
13:16 Guard Tower
13:50 Guard Tower
14:38 Blacksmith
14:43 Blacksmith

»
K.V.Felle00 (
yellow | 48 APM | 731 actions | 15:15)
1 Archmage
1 Summon Water Elemental
1 Demon Hunter
1 Immolation
» actions
| Assign group hotkey | 11 | |
| Basic commands | 11 | |
| Build / train | 73 | |
| Enter build submenu | 36 | |
| Enter hero's abilities submenu | 2 | |
| Right click | 214 | |
| Select / deselect | 269 | |
| Select group hotkey | 63 | |
| Use ability | 52 | |
731 total
» units
| Peasant | 12 | |
| Footman | 6 | |
| Wisp | 9 | |
| Archer | 15 | |
| Hippogryph | 4 | |
| Gryphon Rider | 4 | |
50 total
» upgrades
| Defend | 1 | |
| Improved Bows | 1 | |
| Hippogryph Taming | 1 | |
| Swords | 1 | |
| Armor | 1 | |
| Masonry | 1 | |
| Storm Hammers | 1 | |
7 total
» buildings
| Altar of Kings | 1 | |
| Farm | 9 | |
| Lumber Mill | 1 | |
| Barracks | 1 | |
| Scout Tower | 6 | |
| Arcane Vault | 1 | |
| Guard Tower | 6 | |
| Moon Well | 5 | |
| Ancient of Wonders | 1 | |
| Hunter's Hall | 1 | |
| Keep | 1 | |
| Ancient Protector | 2 | |
| Tree of Ages | 1 | |
| Blacksmith | 1 | |
| Castle | 1 | |
| Gryphon Aviary | 3 | |
| Ancient of Wind | 2 | |
43 total
» build order
00:15 Altar of Kings
00:17 Farm
00:55 Farm
01:05 Lumber Mill
01:23 Barracks
01:32 Farm
02:13 Scout Tower
02:21 Arcane Vault
02:33 Farm
02:41 Scout Tower
02:43 Guard Tower
02:58 Moon Well
03:05 Ancient of Wonders
03:18 Guard Tower
03:26 Farm
03:41 Hunter's Hall
03:55 Moon Well
04:07 Keep
04:12 Farm
05:44 Ancient Protector
05:47 Ancient Protector
05:52 Tree of Ages
06:08 Farm
06:13 Blacksmith
07:40 Moon Well
08:05 Castle
08:07 Gryphon Aviary
08:10 Gryphon Aviary
08:12 Gryphon Aviary
08:18 Ancient of Wind
08:21 Ancient of Wind
08:30 Moon Well
08:53 Farm
10:00 Moon Well
10:36 Scout Tower
11:07 Scout Tower
11:08 Guard Tower
11:27 Scout Tower
11:34 Guard Tower
11:45 Scout Tower
11:58 Guard Tower
12:00 Farm
12:34 Guard Tower
» items
| Potion of Healing | 2 | |
| Scroll of Town Portal | 1 | |
3 total

»
ROULIO10 (
orange | 20 APM | 294 actions | 15:02)
2 Blood Mage
1 Flame Strike
1 Siphon Mana
» actions
| Basic commands | 5 | |
| Build / train | 40 | |
| Enter build submenu | 23 | |
| Enter hero's abilities submenu | 2 | |
| Right click | 75 | |
| Select / deselect | 117 | |
| Use ability | 32 | |
294 total
» units
| Peasant | 15 | |
| Footman | 5 | |
| Rifleman | 5 | |
| Hippogryph | 5 | |
30 total
» upgrades
| Strength of the Wild | 1 | |
| Reinforced Hides | 1 | |
2 total
» buildings
| Farm | 12 | |
| Altar of Kings | 1 | |
| Barracks | 1 | |
| Lumber Mill | 2 | |
| Blacksmith | 1 | |
| Keep | 1 | |
| Arcane Vault | 1 | |
| Scout Tower | 3 | |
| Town Hall | 1 | |
| Guard Tower | 2 | |
25 total
» build order
00:23 Farm
00:41 Altar of Kings
00:55 Barracks
01:05 Farm
01:59 Lumber Mill
02:12 Farm
02:20 Blacksmith
03:15 Farm
03:50 Farm
03:54 Farm
04:26 Keep
04:35 Arcane Vault
04:42 Farm
05:44 Scout Tower
07:00 Town Hall
07:04 Guard Tower
07:10 Farm
08:34 Farm
09:53 Farm
10:34 Farm
10:38 Scout Tower
10:55 Lumber Mill
11:10 Guard Tower
11:14 Scout Tower
11:18 Farm
» items
Chat log
(00:28 / Allies) ROULIO10: paladin
(00:39 / Allies) Braunvieh: i fast tk green
(00:50 / Allies) Braunvieh: he is bastard jew
(01:03 / All) Australia: Teal is a mad dog <3
(01:07 / All) Australia: GG
(01:17 / Allies) CarryMe!: lol
(01:22 / Allies) CarryMe!: what a pus, saw me make towrsa nd ran
(01:32 / Allies) ROULIO10: who control ,?
(01:40 / Allies) K.V.Felle00: me no
(02:06 / Allies) K.V.Felle00: what are you doing
(08:40 / Allies) K.V.Felle00: units
(10:36 / Allies) CarryMe!: look at my art
(10:44 / Allies) K.V.Felle00: yes
(10:52 / Allies) K.V.Felle00: you are a very idiot
(13:48 / Allies) K.V.Felle00: stop control orange
(15:02 / Allies) K.V.Felle00: green you die in 5 sec
(15:13 / Allies) CarryMe!: No I leave and spare my dignity